Workbook

Sheet Договор без акта
G1: ДОГОВОР №
D2: ИКЗ
A4: Ленинградская область г. Гатчина | L4: .10.2026
A6: МБДОУ «ДЕТСКИЙ САД №46 КОМБИНИРОВАННОГО ВИДА», именуемый в дальнейшем "Заказчик", в лице Заведующего Милюк П.Н., действующего на основании устава с одной стороны, и _________________, в лице___________________, действующего на основании свидетельства, именуемого в дальнейшем «Поставщик», с другой стороны, далее совместно именуемые «Стороны», с соблюдением требований Гражданского кодекса Российской Федерации, Федерального закона от 05.04.2013 № 44-ФЗ "О контрактной системе в сфере закупок товаров, работ, услуг для обеспечения государственных и муниципальных нужд" (далее – Закон №44- ФЗ), на основании п. 4, 5 ч. 1 ст. 93 Закона №44 - ФЗ заключили настоящий договор (далее - Договор) о нижеследующем:
A8: 1.Предмет Договора
A9: 1.1. По настоящему Договору Поставщик принимает на себя обязательства по поставке товаров (далее - Товар) в соответствии со Спецификацией (Приложение № 1 к Договору), а Заказчик обязуется принять и оплатить Товар в соответствии с условиями настоящего Договора.
A10: 1.2. Цена, количество, ассортимент, качественные характеристики, наименование Товара, подлежащего поставке, в рамках настоящего договора, указаны в Спецификации (Приложение№1), которая является неотъемлемой частью настоящего Договора.
A12: 2. Цена Договора и порядок расчетов
A13: 2.1. Цена договора составляет 12995 (Двенадцать тысяч девятьсот девяносто пять рублей 00 копеек) , НДС не облагается в связи с освобождением от его уплаты (ст. 145 п.1 НК РФ).
A14: 2.2. Цена Договора включает в себя: стоимость товара, расходы, связанные с доставкой, разгрузкой - погрузкой, размещением в местах хранения Заказчика, стоимость упаковки (тары), маркировки, страхование, таможенные платежи (пошлины), другие установленные налоги, сборы и иные расходы, связанные с исполнением Договора.
A15: Цена Договора является твердой и не может изменяться в ходе исполнения Договора, за исключением случаев, установленных законодательством Российской Федерации.
A17: 2.3. Оплата Товара производится по факту поставки путем перечисления денежных средств Поставщику в течение 10 (десяти) рабочих дней на основании счета, счета-фактуры на отгруженный Товар (в случае применения Поставщиком общей системы налогообложения), товарной накладной, оформленных в соответствии с требованиями действующих нормативных документов и подписанных уполномоченными представителями сторон.
A18: 2.4. Для проверки исполнения обязательств по Договору, в части их соответствия условиям Договора, Заказчик вправе провести экспертизу. Такая экспертиза проводится Заказчиком своими силами или с привлечением экспертов, экспертных организаций, за исключением случаев, если способ проведения экспертизы прямо определен законодательством.
A19: 2.5. В случае, если Договор заключается с физическим лицом, за исключением индивидуального предпринимателя или иного занимающегося частной практикой лица, в Договор включается обязательное условие об уменьшении суммы, подлежащей уплате физическому лицу, на размер налоговых платежей, связанных с оплатой Договора.
A21: 3. Сроки, порядок и условия поставки товара
... A88: 11. Реквизиты сторон:
A89: ЗАКАЗЧИК: | B89: МБДОУ «ДЕТСКИЙ САД №46 КОМБИНИРОВАННОГО ВИДА» | G89: ПОСТАВЩИК:
A90: Получатель: | B90: КОМИТЕТ ФИНАНСОВ ГАТЧИНСКОГО МУНИЦИПАЛЬНОГО ОКРУГА(МБДОУ«ДЕТСКИЙ САД № 46 КОМБИНИРОВАННОГО ВИДА» л/с 20470520515, 21570520515, 22270520515, 50370520515)
A91: Адрес: | B91: 188310 Ленинградская обл., г. Гатчина, ул. Генерала Сандалова д. 3а
A92: ИНН/КПП | B92: 4705066329 / 470501001
A93: Банк | B93: ОКЦ № 1 СЕВЕРО-ЗАПАДНОГО ГУ БАНКА РОССИИ//УФК по Ленинградской области, г. Санкт-Петербург
A94: EKC | B94: 40102810745370000098
A95: Казнач. сч. | B95: 03234643415180004500
A96: БИК | B96: 044030098
A97: ОГРН | B97: 1144705012957
A98: ОКАТО | B98: 41420000000
A99: Тел. | B99: 8 (81371) 91858
A100: Е-mail: | B100: mbdou46@gtn.lokos.net
A102: Заведующий | E102: / Милюк П.Н. / | G102: ИП | K102: / /
C104: 46309 | J104: 46309
A105: МП | G105: МП

Sheet Специф к дог
AB1: Приложение №1
AB2: к договору №
AB3: от | AC3: 46309
A5: Спецификация
A8: № п/п | C8: Наименование и технические характеристики товара | T8: Товар | Y8: Цена за единицу, рублей | AC8: Общая стоимость, рублей
T9: ед.измерения | W9: кол-во
A10: 1 | C10: 2 | T10: 3 | W10: 4 | Y10: 5 | AC10: 6
A11: 1 | C11: =[1]Ввод!B25 -> ОРИО Труба д/унитаза гофрированная d=110мм, L=220-520мм. С-990Р | T11: =[1]Ввод!E25 -> шт | U11: 10 | V11: 10 | W11: =[1]Ввод!D25 -> 10 | Y11: =[1]Ввод!F25 -> 305 | Z11: 80 | AA11: 80 | AB11: 80 | AC11: =W11*Y11 -> 3050
A12: 2 | C12: =[1]Ввод!B26 -> ОРИО Гофрированная труба 1 1/2"х40/50мм, L=650мм. АС-1013 | T12: =[1]Ввод!E26 -> шт | U12: 10 | V12: 10 | W12: =[1]Ввод!D26 -> 10 | Y12: =[1]Ввод!F26 -> 145 | Z12: 80 | AA12: 80 | AB12: 80 | AC12: =W12*Y12 -> 1450
A13: 3 | C13: =[1]Ввод!B27 -> ОРИО Сифон бутыл. 1 1/2"х40мм, литой выпуск, г.труба 40х40/50мм, нерж.реш. d=70мм. А-40029 | T13: =[1]Ввод!E27 -> шт | U13: 10 | V13: 10 | W13: =[1]Ввод!D27 -> 5 | Y13: =[1]Ввод!F27 -> 400 | Z13: 80 | AA13: 80 | AB13: 80 | AC13: =W13*Y13 -> 2000
A14: 4 | C14: =[1]Ввод!B28 -> ОРИО Сифон д/душ.поддона 1 1/2"х40мм, регул., нерж.реш. А-8258 | T14: =[1]Ввод!E28 -> шт | U14: 10 | V14: 10 | W14: =[1]Ввод!D28 -> 5 | Y14: =[1]Ввод!F28 -> 320 | Z14: 80 | AA14: 80 | AB14: 80 | AC14: =W14*Y14 -> 1600
A15: 5 | C15: =[1]Ввод!B29 -> Лейка душевая выдвижная F26 | T15: =[1]Ввод!E29 -> шт | U15: 10 | V15: 10 | W15: =[1]Ввод!D29 -> 5 | Y15: =[1]Ввод!F29 -> 575 | Z15: 80 | AA15: 80 | AB15: 80 | AC15: =W15*Y15 -> 2875
A16: 6 | C16: =[1]Ввод!B30 -> Смеситель латунный однорычажный для мойки, РК, шпилька, керамический картридж 40мм, (шт.) | T16: =[1]Ввод!E30 -> шт | U16: 10 | V16: 10 | W16: =[1]Ввод!D30 -> 1 | Y16: =[1]Ввод!F30 -> 2020 | Z16: 80 | AA16: 80 | AB16: 80 | AC16: =W16*Y16 -> 2020
A17: 7 | C17: =[1]Ввод!B31 -> 0 | T17: =[1]Ввод!E31 -> шт | U17: 10 | V17: 10 | W17: =[1]Ввод!D31 -> 0 | Y17: =[1]Ввод!F31 -> 0 | Z17: 80 | AA17: 80 | AB17: 80 | AC17: =W17*Y17 -> 0
A18: 8 | C18: =[1]Ввод!B32 -> 0 | T18: =[1]Ввод!E32 -> шт | U18: 10 | V18: 10 | W18: =[1]Ввод!D32 -> 0 | Y18: =[1]Ввод!F32 -> 0 | Z18: 80 | AA18: 80 | AB18: 80 | AC18: =W18*Y18 -> 0
A19: 9 | C19: =[1]Ввод!B33 -> 0 | T19: =[1]Ввод!E33 -> шт | U19: 10 | V19: 10 | W19: =[1]Ввод!D33 -> 0 | Y19: =[1]Ввод!F33 -> 0 | Z19: 80 | AA19: 80 | AB19: 80 | AC19: =W19*Y19 -> 0
A20: 10 | C20: =[1]Ввод!B34 -> 0 | T20: =[1]Ввод!E34 -> шт | U20: 10 | V20: 10 | W20: =[1]Ввод!D34 -> 0 | Y20: =[1]Ввод!F34 -> 0 | Z20: 80 | AA20: 80 | AB20: 80 | AC20: =W20*Y20 -> 0
A21: 11 | C21: =[1]Ввод!B35 -> 0 | T21: =[1]Ввод!E35 -> шт | U21: 10 | V21: 10 | W21: =[1]Ввод!D35 -> 0 | Y21: =[1]Ввод!F35 -> 0 | Z21: 80 | AA21: 80 | AB21: 80 | AC21: =W21*Y21 -> 0
A22: 12 | C22: =[1]Ввод!B36 -> 0 | T22: =[1]Ввод!E36 -> шт | U22: 10 | V22: 10 | W22: =[1]Ввод!D36 -> 0 | Y22: =[1]Ввод!F36 -> 0 | Z22: 80 | AA22: 80 | AB22: 80 | AC22: =W22*Y22 -> 0
... A70: 60 | C70: =[1]Ввод!B84 -> 0 | T70: =[1]Ввод!E84 -> шт. | U70: 10 | V70: 10 | W70: =[1]Ввод!D84 -> 0 | Y70: =[1]Ввод!F84 -> 0 | Z70: 80 | AA70: 80 | AB70: 80 | AC70: =W70*Y70 -> 0
A72: =MID('[1]Договор без акта'!A13:M13,5,150) -> Цена договора составляет 12995 (Двенадцать тысяч девятьсот девяносто пять рублей 00 копеек) , НДС не облагается в связи с освобождением от его уплаты
A75: ='[1]Договор 2018'!A89 -> ЗАКАЗЧИК: | S75: ='[1]Договор 2018'!G89 -> ПОСТАВЩИК:
A77: =[1]Ввод!C5 -> Заведующий | S77: =[1]Наборка!D2 -> Индивидуальный предприниматель
G82: =CONCATENATE([1]Наборка!H36,[1]Наборка!A36,[1]Ввод!D5,[1]Наборка!A36,[1]Наборка!H36) -> / Милюк П.Н. / | AA82: =CONCATENATE([1]Наборка!H36,[1]Наборка!A36,[1]Наборка!G2,[1]Наборка!A36,[1]Наборка!H36) -> / Лиски В.А. /
A84: МП | S84: МП
A86: 46309 | S86: 46309
